 Dungeon Crawl Stone Soup version 0.21-a0-137-g951aa02 (webtiles) character file.

19 namelastname112 the Ducker (level 2, 0/14 HPs)
             Began as a Felid Chaos Knight on July 18, 2017.
             Slain by a leopard gecko (5 damage)
             ... on level 1 of the Dungeon.
             The game lasted 00:01:00 (596 turns).

namelastname112 the Ducker (Felid Chaos Knight)      Turns: 596, Time: 00:01:01

Health: 0/14       AC:  1    Str:  8    XL:     2   Next: 55%
Magic:  3/3        EV: 18    Int: 13    God:    Xom [..*...]
Gold:   19         SH:  0    Dex: 15    Spells: 1/1 levels left
                                        Lives:  0   Deaths: 0

rFire    . . .     SeeInvis +     - Unarmed
rCold    . . .     Gourm    .   (shield unavailable)
rNeg     . . .     Faith    .   (armour unavailable)
rPois    .         Spirit   .   (helmet unavailable)
rElec    .         Reflect  .   (cloak unavailable)
rCorr    .         Harm     .   (gloves unavailable)
MR       .....                  (boots unavailable)
Stlth    ++........             (no amulet)
HPRegen  0.04/turn              (no ring)
MPRegen  0.08/turn              (no ring)

@: quick
A: no armour, no weapons or thrown items, stealth, claws 1, fangs 3, see
invisible, carnivore 3, speed 1, shaggy fur 1, slow metabolism 1, sharp paws
a: Renounce Religion


You were on level 1 of the Dungeon.
You worshipped Xom.
You were a toy of Xom.
You were completely stuffed.

You visited 1 branch of the dungeon, and saw 1 of its levels.

You collected 19 gold pieces.

Inventory:

Comestibles
 a - a meat ration


   Skills:
 + Level 3.2 Fighting
 + Level 3.4 Dodging
 + Level 1.1 Stealth
 * Level 3.4 Unarmed Combat


You had one spell level left.
You didn't know any spells.

Dungeon Overview and Level Annotations

Branches:
Dungeon (1/15)

Altars:


Innate Abilities, Weirdness & Mutations

You cannot wear armour.
You are incapable of wielding weapons or throwing items.
Your paws allow you to move quietly. (Stealth)
You have sharp claws.
You have razor-sharp teeth.
You have supernaturally acute eyesight. (SInv)
You are carnivorous and can eat meat at any time.
You cover ground quickly.
You are covered in fur. (AC +1)
You have a slow metabolism.
Your sharp claws are effective at attacking unaware monsters.


Message History

You closely miss the leopard gecko. The leopard gecko bites you.
You take 3 damage, and have 7/14 hp.
MASSIVE DAMAGE!!
You are too injured to fight recklessly!
You are too injured to fight recklessly!
You are too injured to fight recklessly!
You are too injured to fight recklessly!
You scratch the leopard gecko but do no damage.
The leopard gecko completely misses you.
You scratch the leopard gecko but do no damage.
The leopard gecko bites you. The bat closely misses you.
You take 2 damage, and have 6/14 hp.
You scratch the leopard gecko.
The leopard gecko is almost dead.
The bat hits you. The leopard gecko closely misses you.
You take 1 damage, and have 5/14 hp.
You scratch the leopard gecko but do no damage.
The leopard gecko is almost dead.
The leopard gecko bites you.
You die... "It was about time."

. ##### ######## ....
#...# #.......
.....###...# #.......
...........# #.......
..... #..).######.......
.....##......#..........
...........#.#.##.......
........#.##.#.##.......
.......@#.##.#.##.######
......lb#.#..........#
........#.#..###.....#
.....................#
.......##.######.....#
......$.... ...>.....###
........# ####........
........ #........
#########.....


You could see a leopard gecko and a bat.

Vanquished Creatures
  An ooze (D:1)
  A leopard gecko (D:1)
  A giant cockroach (D:1)
  2 goblins (D:1)
  A hobgoblin (D:1)
  2 jackals (D:1)
  A bat (D:1)
  A frilled lizard (D:1)
  2 kobolds (D:1)
  2 rats (D:1)
14 creatures vanquished.

Notes
Turn   | Place    | Note
-------+----------+-------------------------------------------
     0 | D:1      | namelastname112 the Felid Chaos Knight began the quest for the Orb.
     0 | D:1      | Reached XP level 1. HP: 10/10 MP: 2/2
    43 | D:1      | XOM: harmless Air miscast
   355 | D:1      | Reached XP level 2. HP: 14/14 MP: 3/3
   426 | D:1      | Reached skill level 1 in Stealth
   444 | D:1      | XOM is BORED!
   444 | D:1      | XOM: silly message
   596 | D:1      | Slain by a leopard gecko

Vault maps used:
D:1:      saegor_arrival_simple_f, minmay_octomino_j4

Skill      XL: |  1  2 |
---------------+-------+-----
Stealth        | 1 |  1.1
Fighting       | |  3.2
Dodging        | |  3.4
Unarmed Combat | |  3.4

Action                   || total
-------------------------++-------
Melee: Unarmed           ||    44
       Punch             ||     2
       Bite              ||     2
 Stab: Sleeping          ||     2
  Eat: Chunk             ||     7
Armor: Skin              ||     2
Dodge: Dodged            ||    35
